 Dungeon Crawl Stone Soup version 0.27.1-33-g824d729ab1 (webtiles) character file.

Game seed: 10339199344485444314

25 Atelerd the Digger (level 3, 0/21 HPs)
             Began as an Octopode Earth Elementalist on Dec 30, 2021.
             Succumbed to an adder's poison
             ... on level 2 of the Dungeon.
             The game lasted 00:00:35 (978 turns).

Atelerd the Digger (Octopode Earth Elementalist)     Turns: 978, Time: 00:00:35

Health: 0/21       AC:  1    Str:  7    XL:     3   Next: 4%
Magic:  6/6        EV: 13    Int: 18    God:
Gold:   78         SH:  0    Dex: 12    Spells: 5/6 levels left

rFire    . . .     SeeInvis .   f - +0 short sword
rCold    . . .     Faith    .   (no shield)
rNeg     . . .     Spirit   .   (helmet restricted)
rPois    .         Reflect  .   (no amulet)
rElec    .         Harm     .   (no ring)
rCorr    .         Rampage  .   (no ring)
Will     .....                  (no ring)
Stlth    +++.......             (no ring)
HPRegen  0.07/turn              (no ring)
MPRegen  0.10/turn              (no ring)
                                (no ring)
                                (no ring)

@: lethally poisoned (0 -> -6)
A: almost no armour, amphibious, 8 rings, camouflage 1, gelatinous body 1,
(nimble swimmer 1), tentacles
a: no special abilities


You were on level 2 of the Dungeon.
You visited 1 branch of the dungeon, and saw 2 of its levels.

You collected 78 gold pieces.

Inventory:

Hand Weapons
 f - a +0 short sword (weapon)
Missiles
 b - 19 stones
Scrolls
 c - a scroll of fear {unknown}
 g - a scroll of teleportation {unknown}
 k - 2 scrolls of blinking {unknown}
Potions
 a - a potion of brilliance {unknown}
 d - a potion of might {unknown}
 e - a potion of flight {unknown}
 h - a potion of lignification {unknown}
 i - a potion of invisibility {unknown}
 j - a potion of haste {unknown}
 l - a potion of heal wounds {unknown}


   Skills:
 - Level 2.0 Dodging
 - Level 2.6 Stealth
 + Level 2.4 Spellcasting
 + Level 1.8 Transmutations
 + Level 3.3 Earth Magic


You had 5 spell levels left.
You knew the following spells:

 Your Spells              Type           Power      Damage    Failure   Level
a - Sandblast             Erth           28%        2d8       4%          1

Your spell library contained the following spells:

 Spells                   Type           Power      Damage    Failure   Level
 Passwall                 Tmut/Erth      9%         N/A       9%          2
 Stone Arrow              Conj/Erth      16%        3d8       26%         3
 Petrify                  Tmut/Erth      11%        N/A       52%         4


Dungeon Overview and Level Annotations

Branches:
Dungeon (2/15)

Altars:


Innate Abilities, Weirdness & Mutations

You cannot wear most types of armour.
You are amphibious.
You can wear up to eight rings at the same time.
Your skin changes colour to match your surroundings (Stealth+).
Your rubbery body absorbs attacks. (AC +1, EV +1)
((You are camouflaged near water. (Stealth+)))
You have tentacles for arms and can constrict up to eight enemies at once.


Message History

l - a golden potion No target in view!
Things that are here:
a +0 club; a goblin corpse An endoplasm and an orc come into view.
A ball python comes into view.
There are monsters nearby!
There are monsters nearby! 2 orcs and an orc priest come into view.
The orc shouts! x3; You hear a bark!
An adder comes into view.
An endoplasm comes into view.
The orc priest shouts!
The adder hisses angrily.
There are monsters nearby!
There are monsters nearby!
You barely miss the orc.
The endoplasm quivers.
You grab the orc. You constrict the orc.
The orc escapes!
You closely miss the orc. Your grab misses the orc.
The orc is lightly wounded.
There are monsters nearby!
You hit the orc. You grab the orc.
The orc is moderately wounded.
You constrict the orc. The orc barely misses you.
You release your grip on the orc.
The adder bites you.
You are poisoned.
The adder poisons you!
You feel sick.
You feel sick.
The orc priest calls upon Beogh to heal the orc.
The orc's wounds heal themselves!
You feel sick.
A jackal comes into view.
The adder bites you.
You are more poisoned.
The adder poisons you!
You feel sick.
The orc priest calls down the wrath of Beogh upon you.
Beogh smites you!
* * * LOW HITPOINT WARNING * * *
You die...

####...###......
.....J......... ...J.o.J..>....
#. ###o.?.#+# # #.
#..oo..#.#..# #. #..J.........
#. #.o....##.#.
#.#######SS.......#
#..h...@......#.### #######
##..........#.#... #.....#
#..........#.#.####+ #.....#
#..........#.#.# ... #.....#
#..............##...
<.....#####........##..........
.......÷.......................
...................##.........#
......÷............##.........#


You could see an adder, 2 orcs, an endoplasm, a jackal (wandering) and a ball
python.

Vanquished Creatures
  2 dart slugs
  2 giant cockroaches (D:1)
  A goblin (D:2)
  3 hobgoblins
  A quokka (D:2)
  4 ball pythons
  2 bats (D:1)
  A frilled lizard (D:1)
  2 kobolds
  2 rats (D:1)
20 creatures vanquished.

Notes
Turn   | Place    | Note
-------+----------+-------------------------------------------
     0 | D:1      | Atelerd the Octopode Earth Elementalist began the quest for
                  | the Orb.
     0 | D:1      | Reached XP level 1. HP: 11/11 MP: 3/3
   104 | D:1      | Reached XP level 2. HP: 17/17 MP: 3/5
   843 | D:2      | Reached XP level 3. HP: 13/21 MP: 4/6
   978 | D:2      | Succumbed to an adder's poison

Illustrated notes

Levels and vault maps discovered:
D:1:      minmay_arrival_four_circles, layout_rooms
D:2:      layout_basic

Action                   || total
-------------------------++-------
Melee: Unarmed           ||    10
       Tentacles         ||     6
       Constrict         ||    11
       Short sword       ||    19
 Cast: Sandblast         ||    16
 Stab: Sleeping          ||     1
Armor: Skin              ||     3
Dodge: Dodged            ||    24
